 Dungeon Crawl Stone Soup version 0.32-a0-163-g159c032296 (webtiles) character file.

Game seed: 4878380340505642304

69 zeratav the Trooper (level 4, 0/49 HPs)
             Began as an Oni Warper on Feb 11, 2024.
             Slain by a gnoll
             ... wielding a +0 halberd
              (9 damage)
             ... on level 2 of the Dungeon.
             The game lasted 00:01:43 (1443 turns).

zeratav the Trooper (Oni Warper)                    Turns: 1443, Time: 00:01:44

Health: 0/49       AC:  3    Str: 17    XL:     4   Next: 20%
Magic:  16/16      EV:  9    Int: 14    God:
Gold:   50         SH:  0    Dex:  8    Spells: 7/7 levels left

rFire   . . .        a - +0 mace {mace}
rCold   . . .        (no shield)
rNeg    . . .        b - +0 robe
rPois   .            (helmet restricted)
rElec   .            i - scarf {shadows}
rCorr   .            (gloves unavailable)
SInv    .            (boots unavailable)
Will    .....        (no amulet)
Stlth   +            f - ring of magical power
HPRegen 0.28/turn    (no ring)
MPRegen 0.15/turn

%: no passive effects
@: slowed, very slow
A: large, unfitting armour, horns 1, tough skin 1, double potion healing,
drunken brawling
a: no special abilities


You were on level 2 of the Dungeon.
You visited 1 branch of the dungeon, and saw 2 of its levels.

You collected 50 gold pieces.


Innate Abilities, Weirdness & Mutations

You are too large for most types of armour.
You have a pair of small horns on your head.
You have tough skin. (AC +1)
You gain doubled healing and magic from potions.
Whenever you drink a healing potion, you attack all around you.


   Skills:
 + Level 4.5 Fighting
 + Level 3.3 Maces & Flails
 - Level 1.0 Throwing
 - Level 2.1 Dodging
 - Level 2.4 Spellcasting
 - Level 2.6 Translocations


You had 7 spell levels left.
You didn't know any spells.
Your spell library contained the following spells:

 Spells                   Type           Power      Damage    Failure   Level
 Blink                    Tloc           18%        N/A       12%         2
 Lesser Beckoning         Tloc           18%        N/A       12%         2
 Teleport Other           Tloc           9%         N/A       22%         3
 Manifold Assault         Tloc           9%         N/A       58%         4
 Vhi's Electric Charge    Tloc/Air       10%        N/A       78%         4

Inventory:

Hand Weapons
 a - a +0 mace (weapon) {mace}
 e - a +2 dagger of pain {short}
   (You took it off a kobold on level 1 of the Dungeon)
Missiles
 d - 7 darts of dispersal (quivered) {=fthrowing}
 m - 5 poisoned darts {throwing}
Armour
 b - a +0 robe (worn)
 i - a scarf of shadows (worn)
   (You found it on level 1 of the Dungeon)
Jewellery
 f - a ring of magical power (left hand)
   (You took it off a kobold on level 1 of the Dungeon)
Scrolls
 g - 2 scrolls of identify {unknown}
 h - a scroll of noise {unknown}
 l - a scroll of fog {unknown}
 n - a scroll of fear {unknown}
Potions
 j - a potion of might {unknown}
 k - a potion of degeneration {unknown}

Dungeon Overview and Level Annotations

Branches:
Dungeon (2/15) Zot: 10529

Altars:

........## #..)
.#####.## ## #g#
#.# #g# #.# #g#
#.## #.)# #.@#
#..# ##.# #. #..#
#.#########.# #..#
#........##.# #..#
########.##.######
#..###########
#.##.##...#
#............#
#.##.##...#
##.#########.#
#.##....... #.#
#.#####.##.......


You could see 2 gnolls and a goblin.


Message History

You barely miss the kobold. The kobold closely misses you.
You closely miss the kobold.
The kobold hits you with a +0 short sword.
HP[-2]
You take 2 damage, and now have 37/39 hp.
You hit the kobold. You headbutt the kobold.
You kill the kobold!
No target in view!
No target in view!
No target in view!
No target in view!
No target in view!
No target in view!
No target in view!
No target in view!
No target in view!
No target in view!
No target in view!
No target in view!
No target in view!
No target in view!
Found an escape hatch in the ceiling.
HP[+2]
Your hp is fully restored (39).
Found a stone staircase leading up.
Things that are here:
a +0 short sword {short}; a stone {throwing}
There is a stone staircase leading up here.
You see here a +0 dagger {short}.
m - 5 poisoned darts {throwing} No target in view!
No target in view!
No target in view!
No target in view!
n - a scroll labelled MAFOSK PUTSANG A kobold comes into view.
It is wielding a +0 club.
The kobold shouts!
You hear a shout!
A kobold is nearby!
Natasha, Servant of Life and Death comes into view.
Natasha hisses angrily.
You hit the kobold but do no damage.
Natasha wildly gestures.
You feel disoriented. The kobold barely misses you.
You hit the kobold.
You kill the kobold!
Natasha stares at you and mumbles some strange words.
The magic dart hits you.
A gnoll comes into view. It is wielding a +0 halberd.
The gnoll shouts!
A gnoll comes into view. It is wielding a +0 flail.
Natasha barely misses you.
You see here a +0 club {mace}.
HP[-3]
You take 3 damage, and now have 36/39 hp.
You hit Natasha.
A goblin comes into view.
It is wielding a +0 hand axe and quivering a throwing net.
Natasha closely misses you.
You miss Natasha.
Natasha wildly gestures.
Natasha's front paws start to glow.
Natasha claws you but does no damage.
The gnoll hits you from afar with a +0 halberd!
HP[-8]
You take 8 damage, and now have 28/39 hp.
MASSIVE DAMAGE!! (PAUSE)
You hit Natasha but do no damage. You headbutt Natasha.
Natasha casts a spell at you.
You feel yourself slow down.
The gnoll hits you from afar with a +0 halberd.
You hit Natasha.
You kill Natasha!
Natasha yowls pathetically as she dies!
The gnoll closely misses you.
The gnoll hits you from afar with a +0 halberd.
You have reached level 4!
HP[+1] MP[+1]
You now have 49 max hp (+10).
Your mp is fully restored (16).
The gnoll attacks as it pursues you!
The gnoll hits you from afar with a +0 halberd.
* * * LOW HITPOINT WARNING * * *
HP[-5]
You take 5 damage, and now have 24/49 hp.
The gnoll attacks as it pursues you!
The gnoll hits you from afar with a +0 halberd!
* * * LOW HITPOINT WARNING * * *
The gnoll hits you from afar with a +0 halberd!
* * * LOW HITPOINT WARNING * * *
HP[-18]
You take 18 damage, and now have 6/49 hp.
MASSIVE DAMAGE!! (PAUSE)
You don't know any spells.
Blink to where?
Press: ? - help, Q - select action, (/) - cycle Dir - move target
As you read the scroll of blinking {!r}, it crumbles to dust.
HP[+1] HP[+1]
The gnoll attacks as it pursues you!
The gnoll hits you from afar with a +0 halberd!
You die...

Skill      XL: |  1  2  3 |
---------------+----------+-----
Fighting       | 3 4 |  4.5
Maces & Flails | 3 |  3.3
Throwing       | |  1.0
Dodging        | |  2.1
Spellcasting   | |  2.4
Translocations | |  2.6

Action                     |  1- 3 |  4- 6 || total
---------------------------+-------+-------++-------
  Melee: Mace              |    83 |       ||    83
         Headbutt          |    10 |       ||    10
    Use: Scroll            |       |     1 ||     1
 Armour: Robe              |    65 |     4 ||    69
  Dodge: Dodged            |    36 |       ||    36

Levels and vault maps discovered:
D:1:      matt_arrival_refuge, layout_basic, minmay_misc_feat_plants,
          hex_intersection
D:2:      layout_loops_ring, shapermc_ecumenical_altar_pompeii, uniq_natasha

Notes
Turn   | Place    | Note
-------+----------+-------------------------------------------
     0 | D:1      | zeratav the Oni Warper began the quest for the Orb.
     0 | D:1      | Reached XP level 1. HP: 22/22 MP: 3/3
     0 | D:1      | magus.rc [v1.9.6]
   171 | D:1      | Reached skill level 3 in Fighting
   329 | D:1      | Reached XP level 2. HP: 28/31 MP: 5/5
   877 | D:1      | Reached XP level 3. HP: 39/39 MP: 6/6
  1200 | D:2      | Reached skill level 4 in Fighting
  1203 | D:2      | Reached skill level 3 in Maces & Flails
  1427 | D:2      | Noticed Natasha
  1434 | D:2      | Killed Natasha
  1435 | D:2      | Reached XP level 4. HP: 29/49 MP: 7/7
  1436 | D:2      | HP: 6/49 [gnoll/+0 halberd (10)]
  1443 | D:2      | Slain by a gnoll

Vanquished Creatures
  Natasha (D:2)
  An adder (D:2)
  2 dart slugs (D:1)
  4 goblins
  7 hobgoblins
  5 ball pythons
  A bat (D:1)
  5 frilled lizards (D:1)
  4 kobolds
  2 rats (D:1)
32 creatures vanquished.

Table legend:
 A = Non-vault XP
 B = Vault XP
 C = Vault XP percentage of total XP
 D = Non-vault monster count
 E = Vault monster count
 F = Vault count percentage of total count
                 A         B        C        D         E       F
            +---------+---------+-------+---------+---------+-------
      Total |      64 |      35 |  35.4 |      31 |       1 |   3.1
            +---------+---------+-------+---------+---------+-------
        D:1 |      38 |       0 |   0.0 |      23 |       0 |   0.0
        D:2 |      26 |      35 |  57.4 |       8 |       1 |  11.1
            +---------+---------+-------+---------+---------+-------

Skill      XL: |  1  2  3 |
---------------+----------+-----
Fighting       | 3 4 |  4.5
Maces & Flails | 3 |  3.3
Throwing       | |  1.0
Dodging        | |  2.1
Spellcasting   | |  2.4
Translocations | |  2.6

Action                     |  1- 3 |  4- 6 || total
---------------------------+-------+-------++-------
  Melee: Mace              |    83 |       ||    83
         Headbutt          |    10 |       ||    10
    Use: Scroll            |       |     1 ||     1
 Armour: Robe              |    65 |     4 ||    69
  Dodge: Dodged            |    36 |       ||    36

Illustrated notes

Table legend:
 A = Kills in this place as a percentage of kills in the entire game.
 B = Kills by you in this place as a percentage of kills by you in the entire game.
 C = Kills by friends in this place as a percentage of kills by friends in the entire game.
 D = Other kills in this place as a percentage of other kills in the entire game.
 E = Experience gained in this place as a percentage of experience gained in the entire game.
 F = Experience gained in this place divided by the number of levels of this place that you have seen.
                   A       B       C       D       E      F
               +-------+-------+-------+-------+-------+----------------------
         Total | 100.0 | 100.0 |   N/A |   N/A | 100.0 |  49.5
       Dungeon | 100.0 | 100.0 |   N/A |   N/A | 100.0 |  49.5
               +-------+-------+-------+-------+-------+----------------------

Table legend: (Time is in decaauts)
 A = Elapsed time spent in this place.
 B = Non-inter-level travel time spent in this place.
 C = Inter-level travel time spent in this place.
 D = Time resting spent in this place.
 E = Time spent auto-exploring this place.
 F = Levels seen in this place.
 G = Mean time per level.
                   A        B        C        D        E       F      G
               +--------+--------+--------+--------+--------+-----+--------+
         Total |   1469 |   1443 |     26 |     62 |   1176 |   2 |  734.5 |
       Dungeon |   1469 |   1443 |     26 |     62 |   1176 |   2 |  734.5 |
               +--------+--------+--------+--------+--------+-----+--------+

Top non-repeatable levels by time:
     D:1: 1179 daAuts
     D:2: 290 daAuts
